 Dungeon Crawl Stone Soup version 0.29.1-1-gd02db6906a (webtiles) character file.

Game seed: 12893157524887655252

28924 safid the Crack Shot (level 13, -4/107 HPs)
             Began as a Minotaur Hunter on Oct 17, 2022.
             Was a High Priest of Okawaru.
             Slain by a boulder beetle (54 damage)
             ... on level 5 of the Lair of Beasts on Oct 18, 2022.
             The game lasted 00:31:54 (19254 turns).

safid the Crack Shot (Minotaur Hunter)             Turns: 19254, Time: 00:31:55

Health: -4/107     AC: 14    Str: 15    XL:     13   Next: 12%
Magic:  18/18      EV: 10    Int:  6    God:    Okawaru [*****.]
Gold:   861        SH:  0    Dex: 20    Spells: 12/12 levels left

rFire   + . .      SeeInvis .   J - +0 arbalest
rCold   + + .      Faith    .   (shield currently unavailable)
rNeg    . . .      Spirit   .   H - +2 scale mail {rC+}
rPois   +          Reflect  .   D - +0 hat
rElec   .          Harm     .   (no cloak)
rCorr   .          Rampage  .   n - +2 pair of gloves
Will    .....                   o - +0 pair of boots
Stlth   +.........              K - amulet of regeneration
HPRegen 1.07/turn               A - ring of poison resistance
MPRegen 0.16/turn               j - +4 ring of slaying

@: no status effects
A: horns 2, retaliatory headbutt, iridescent scales 1, cold resistance 1, fire
resistance 1
a: Renounce Religion, Heroism, Finesse, Duel


You were on level 5 of the Lair of Beasts.
You worshipped Okawaru.
Okawaru was extremely pleased with you.
You visited 3 branches of the dungeon, and saw 15 of its levels.
You also visited: Sewer.

You collected 861 gold pieces.

Inventory:

Hand Weapons
 J - a +0 arbalest (weapon)
Missiles
 b - a throwing net
 q - 9 javelins
Armour
 n - a +2 pair of gloves (worn)
 o - a +0 pair of boots (worn)
 D - a +0 hat (worn)
 H - a +2 scale mail of cold resistance (worn)
Jewellery
 j - a +4 ring of slaying (right hand)
 A - a ring of poison resistance (left hand)
 E - a ring of positive energy
 K - an amulet of regeneration (around neck)
Wands
 g - a wand of digging (3)
 r - a wand of quicksilver (6)
 w - a wand of flame (37)
 B - a wand of mindburst (22)
Scrolls
 a - 3 scrolls of fear
 c - a scroll of torment {unknown}
 h - 5 scrolls of enchant weapon
 k - 4 scrolls of poison
 l - a scroll of fog {unknown}
 s - a scroll of vulnerability {unknown}
 t - 5 scrolls of blinking
 v - 3 scrolls of teleportation
 G - 3 scrolls of magic mapping
 L - a scroll of summoning {unknown}
Potions
 d - 7 potions of curing
 e - 2 potions of berserk rage
 f - 2 potions of cancellation {unknown}
 i - 7 potions of mutation
 m - 5 potions of lignification
 p - a potion of attraction {unknown}
 u - 2 potions of ambrosia {unknown}
 x - 4 potions of resistance
 z - 2 potions of haste
 C - a potion of degeneration {unknown}
 F - a potion of flight {unknown}


   Skills:
 - Level 8.0 Fighting
 + Level 23.4 Ranged Weapons
 - Level 2.1 Dodging
 - Level 0.7 Stealth
 - Level 8.0 Invocations


You had 12 spell levels left.
You didn't know any spells.
Your spell library contained the following spells:

 Spells                   Type           Power      Damage    Failure   Level
 Sandblast                Erth           0%         2d4       91%         1
 Passwall                 Tmut/Erth      0%         N/A       97%         2
 Confusing Touch          Hex            0%         N/A       99%         3
 Dazzling Flash           Conj/Hex       0%         N/A       99%         3
 Portal Projectile        Hex/Tloc       0%         N/A       99%         3
 Stone Arrow              Conj/Erth      0%         3d7       99%         3
 Airstrike                Air            0%         2d(0-16)  100%        4
 Agony                    Necr           0%         N/A       100%        5
 Blade Hands              Tmut           0%         N/A       100%        5
 Silence                  Hex/Air        0%         N/A       100%        5
 Yara's Violent Unravell  Hex/Tmut       0%         3d3       100%        5
 Enfeeble                 Hex            0%         N/A       100%        7
 Maxwell's Capacitive Co  Air            0%         ∞         100%        8
 Summon Small Mammal      Summ           Unusable   N/A       N/A         1
 Call Canine Familiar     Summ           Unusable   N/A       N/A         3
 Summon Guardian Golem    Hex/Summ       Unusable   N/A       N/A         3
 Tukima's Dance           Hex            Unusable   N/A       N/A         3

Dungeon Overview and Level Annotations

Branches:
Dungeon (9/15)             Temple (1/1) D:7            Lair (5/5) D:8
 Shoals (0/4) Lair:2       Spider (0/4) Lair:2        Slime (0/5) Lair:4
    Orc (0/2) D:9           Sewer (visited)

Altars:
Ashenzari
Cheibriados
Dithmenos
Elyvilon
Fedhas
Gozag
Hepliaklqana
Kikubaaqudgha
Makhleb
Nemelex Xobeh
Okawaru
Qazlal
Ru
Sif Muna
Trog
Uskayaw
Vehumet
Wu Jian
Xom
Yredelemnul
Zin
The Shining One
Jiyva

Shops:
D:3 =

Annotations:
D:3 1 runed translucent door, Crazy Yiuf
Lair:3 1 runed translucent door, Ceyvaan's ghost, journeyman DEFE


Innate Abilities, Weirdness & Mutations

You have a pair of horns on your head.
You reflexively headbutt those who attack you in melee.
You are partially covered in iridescent scales. (AC +2)
Your flesh is cold resistant. (rC+)
Your flesh is heat resistant. (rF+)


Message History

The bolt hits the boulder beetle but does no damage.
The boulder beetle is lightly wounded.
The komodo dragon bites you but does no damage.
The boulder beetle leaps!
You shoot a bolt. The bolt hits the komodo dragon!
The komodo dragon is moderately wounded.
The komodo dragon bites you!
The boulder beetle leaps!
You shoot a bolt. The bolt hits the komodo dragon!
The komodo dragon is heavily wounded.
The komodo dragon bites you!! The komodo dragon bites you.
You shoot a bolt. The bolt hits the komodo dragon!
The komodo dragon is severely wounded.
The komodo dragon bites you!
You shoot a bolt. The bolt hits the komodo dragon.
The komodo dragon is almost dead.
The komodo dragon barely misses you.
You shoot a bolt.
The bolt hits the komodo dragon but does no damage.
The komodo dragon is severely wounded.
The komodo dragon bites you!
You are too injured to fight recklessly!
You are too injured to fight recklessly!
You are too injured to fight recklessly!
You are too injured to fight recklessly!
Unknown command.
Fire: J) +0 arbalest
Press: ? - help, Q - select action, (/) - cycle Shift-Dir - straight line, f/p - komodo dragon
Aim: a komodo dragon (severely wounded, 79% to hit)
You shoot a bolt. The bolt hits the komodo dragon!
You kill the komodo dragon!
Okawaru accepts your kill.
The boulder beetle curls into a ball and begins rolling!
Fire: J) +0 arbalest
Press: ? - help, Q - select action, (/) - cycle Shift-Dir - straight line, f - boulder beetle
Aim: a boulder beetle (lightly wounded, rolling, 92% to hit)
You shoot a bolt. The bolt hits the boulder beetle!
The boulder beetle is moderately wounded.
The boulder beetle hits you!!!
Ouch! That really hurt!
You die...

###............# #....# #.....#..
.#.............###....# #.#.#.#
..P..........(..#...#.# P......##
.PP..............#.+..##P........
.................................
...†.............................
...........#.....○...... ...##...
....##.....#....B†)..... ##..
†...#.#...#.#.##@.....# ##.
..##..#...#.....####.## ###' .#
##.#.8.#....####### #... .
#.#.......P###.#.###....###.. .
#.....#.#.###...#.##...#.##..
##.....#..# #...###.....# ##.
..#+#.#...##.#.# #.....####. #.
...###..##..####....##... ...
##†8.....##P.........


You could see a boulder beetle (rolling).

Vanquished Creatures
  Gastronok (D:8)
  4 hydras
  A two-headed ogre (D:9)
  Nergalle (Lair:3)
  4 elephants (Lair:2)
  4 black mambas
  6 cane toads
  A kobold demonologist (D:9)
  5 komodo dragons
  2 rime drakes
  A hornet (D:7)
  3 polar bears
  16 blink frogs
  4 culicivoras (Lair:2)
  2 wraiths
  6 wyverns
  31 yaks
  2 basilisks
  A steam dragon (D:6)
  Menkaure (D:4)
  Edmund (D:4)
  An acid dragon (D:8)
  15 water moccasins
  2 ice beasts
  15 wolves
  2 ogres
  5 centaurs
  2 phantoms
  3 kobold brigands (D:9)
  15 bullfrogs
  A scorpion (D:6)
  4 necrophages
  5 wights (D:7)
  5 killer bees (D:8)
  4 howler monkeys (D:8)
  4 hounds
  3 orc priests
  A gnoll bouda (D:6)
  19 jellies
  3 iguanas (D:5)
  6 orc wizards
  Robin (D:4)
  13 gnolls
  4 river rats (Sewer)
  12 adders
  A shadow imp (D:5)
  2 white imps
  3 worms
  3 dart slugs (D:1)
  15 orcs
  15 ball pythons
  A bat (D:2)
  10 endoplasms
  4 giant cockroaches
  15 goblins
  13 hobgoblins
  2 jackals (D:1)
  35 kobolds
  3 quokkas
  5 frilled lizards
  23 rats
392 creatures vanquished.

Vanquished Creatures (others)
  6 bushes (D:8)
  12 fungi
  39 plants
  A withered plant (D:9)
58 creatures vanquished.

Grand Total: 450 creatures vanquished

Notes
Turn   | Place    | Note
-------+----------+-------------------------------------------
     0 | D:1      | safid the Minotaur Hunter began the quest for the Orb.
     0 | D:1      | Reached XP level 1. HP: 18/18 MP: 0/0
    74 | D:1      | Reached XP level 2. HP: 26/26 MP: 1/1
   264 | D:1      | Reached skill level 5 in Ranged Weapons
   598 | D:1      | Reached XP level 3. HP: 31/31 MP: 2/2
   702 | D:1      | Found a faded altar of an unknown god.
  1391 | D:2      | Reached XP level 4. HP: 35/38 MP: 3/3
  1452 | D:2      | Reached skill level 6 in Ranged Weapons
  2152 | D:3      | Found a runed translucent door.
  2153 | D:3      | Noticed Crazy Yiuf
  2278 | D:3      | Found Zosu's Jewellery Emporium.
  2831 | D:4      | Found a sacrificial altar of Ru.
  2886 | D:4      | Found a glowing drain.
  2902 | Sewer    | Entered a sewer
  3084 | Sewer    | Reached XP level 5. HP: 27/45 MP: 4/4
  3290 | Sewer    | Reached skill level 7 in Ranged Weapons
  3906 | D:4      | Noticed a phantom
  3920 | D:4      | Killed a phantom
  3921 | D:4      | Reached XP level 6. HP: 37/51 MP: 5/5
  4022 | D:4      | Reached skill level 8 in Ranged Weapons
  4106 | D:4      | Identified the +7 mace of Ruination {freeze, rC+}
  4152 | D:4      | You fall into a shaft and drop 2 floors!
  4164 | D:5      | Entered Level 5 of the Dungeon
  4187 | D:5      | Noticed a water moccasin
  4191 | D:5      | Killed a water moccasin
  4289 | D:5      | Reached skill level 9 in Ranged Weapons
  4398 | D:5      | Reached XP level 7. HP: 32/57 MP: 6/6
  4925 | D:5      | Reached skill level 10 in Ranged Weapons
  4969 | D:5      | Got the Papyrus of the Welkin
  5730 | D:6      | Reached skill level 11 in Ranged Weapons
  5730 | D:6      | Reached XP level 8. HP: 63/63 MP: 7/7
  6573 | D:4      | Noticed Edmund
  6583 | D:4      | Killed Edmund
  6584 | D:4      | Reached skill level 12 in Ranged Weapons
  6592 | D:4      | Noticed Robin
  6604 | D:4      | Noticed Menkaure
  6605 | D:4      | Killed Robin
  6827 | D:4      | Killed Menkaure
  7026 | D:4      | Found a blossoming altar of Fedhas.
  7632 | D:6      | Gained mutation: You are partially covered in iridescent
                  | scales. (AC +2) [potion of mutation]
  7632 | D:6      | Gained mutation: Your flesh is heat resistant. (rF+)
                  | [potion of mutation]
  7632 | D:6      | Gained mutation: Your flesh is cold resistant. (rC+)
                  | [potion of mutation]
  7823 | D:6      | Reached skill level 13 in Ranged Weapons
  7851 | D:6      | Reached XP level 9. HP: 21/69 MP: 8/8
  8541 | D:7      | Reached skill level 14 in Ranged Weapons
  8971 | D:7      | Found a bloodstained altar of Trog.
  9125 | D:7      | Found a staircase to the Ecumenical Temple.
  9187 | Temple   | Entered the Ecumenical Temple
  9308 | Temple   | Became a worshipper of Warmaster Okawaru
  9602 | D:7      | Reached skill level 15 in Ranged Weapons
  9848 | D:8      | Reached * piety under Okawaru
 10353 | D:8      | Reached XP level 10. HP: 68/77 MP: 9/9
 10356 | D:8      | Reached skill level 16 in Ranged Weapons
 10558 | D:8      | Noticed Gastronok
 10562 | D:8      | Reached skill level 1 in Invocations
 10677 | D:8      | Reached ** piety under Okawaru
 10832 | D:8      | Reached skill level 5 in Fighting
 11087 | D:8      | Found a staircase to the Lair.
 11582 | D:8      | Killed Gastronok
 11582 | D:8      | Reached *** piety under Okawaru
 11582 | D:8      | Received a gift from Okawaru
 11583 | D:8      | Reached skill level 17 in Ranged Weapons
 12220 | D:9      | Reached skill level 5 in Invocations
 12220 | D:9      | Reached XP level 11. HP: 80/91 MP: 13/13
 12305 | D:9      | Noticed a two-headed ogre
 12314 | D:9      | Killed a two-headed ogre
 12314 | D:9      | Reached **** piety under Okawaru
 12473 | D:9      | Found a basalt altar of Yredelemnul.
 12473 | D:9      | Found a staircase to the Orcish Mines.
 12871 | Lair:1   | Entered Level 1 of the Lair of Beasts
 13179 | Lair:1   | Noticed a seven-headed hydra
 13186 | Lair:1   | Killed a seven-headed hydra
 14045 | Lair:1   | Reached skill level 18 in Ranged Weapons
 14993 | Lair:2   | Reached skill level 19 in Ranged Weapons
 14994 | Lair:2   | Reached ***** piety under Okawaru
 15169 | Lair:2   | Found a staircase to the Shoals.
 15184 | Lair:2   | Received a gift from Okawaru
 15193 | Lair:2   | Reached skill level 20 in Ranged Weapons
 15193 | Lair:2   | Reached XP level 12. HP: 79/101 MP: 10/17
 15712 | Lair:2   | Found a hole to the Spider Nest.
 16100 | Lair:2   | Reached skill level 21 in Ranged Weapons
 16763 | Lair:2   | Identified the +3 rapier "Rach" {elec, Str+6}
 17260 | Lair:3   | Found a runed translucent door.
 17260 | Lair:3   | Noticed Ceyvaan's ghost (journeyman DEFE)
 17275 | Lair:3   | Noticed Nergalle
 17284 | Lair:3   | Killed Nergalle
 17430 | Lair:3   | Reached skill level 22 in Ranged Weapons
 17549 | Lair:3   | Identified the +7 rapier "Vouhit" {drain, *Slow Fly rF++}
 18324 | Lair:4   | Noticed a five-headed hydra
 18334 | Lair:4   | Killed a five-headed hydra
 18575 | Lair:4   | Found a staircase to the Slime Pits.
 18575 | Lair:4   | Found a viscous altar of Jiyva.
 18766 | Lair:4   | Reached skill level 23 in Ranged Weapons
 19037 | Lair:5   | Entered Level 5 of the Lair of Beasts
 19044 | Lair:5   | Noticed a five-headed hydra
 19048 | Lair:5   | Killed a five-headed hydra
 19048 | Lair:5   | Received a gift from Okawaru
 19049 | Lair:5   | Reached XP level 13. HP: 107/107 MP: 18/18
 19077 | Lair:5   | Identified the +1 leather armour of Inaction {Drain rPois
                  | rN+ Str+2}
 19254 | Lair:5   | Slain by a boulder beetle

Illustrated notes

Levels and vault maps discovered:
D:1:      shiori_shiawase, layout_basic, serial_bayou, serial_bayou_shore_b,
          serial_bayou_shore_b, serial_bayou_lagoon_a, serial_bayou_crossing,
          shapermc_ecumenical_altar_flowoftime, solitary_fountain
D:2:      layout_basic, minmay_hexomino_f4
D:3:      layout_basic, serial_shops, nicolae_square_shop,
          uniq_crazy_yiuf_cottage
D:4:      nicolae_BIG_FREAKIN_CUBE, layout_basic,
          nicolae_ru_sacrificial_ziggurat,
          mainiacjoe_overflow_concentric_impassable, portal_sewer_entry_f,
          uniq_robin, uniq_edmund, uniq_menkaure
D:5:      layout_basic
D:6:      layout_basic, amcnicky_mini_pool_small, kennysheep_path_1
D:7:      layout_basic, trog_hazing_becter, minmay_temple_entry_mist,
          kennysheep_dice
D:8:      layout_loops_corners, minmay_lair_entry_grove, minmay_manual_moon,
          uniq_gastronok
D:9:      layout_stronghold, yredelemnul_altar_generic, orc_0_dummy,
          kennysheep_island_fort, uniq_maurice
Temple:   mainiacjoe_temple_coin_purse
Lair:1:   layout_hall_layers, wad_woods_road_05
Lair:2:   layout_cellular_growth, shoals_dummy_entry,
          hellmonk_spider_entry_life_and_decay, chequers_serial_rivers_large_a
Lair:3:   beast_lair_carwin_large_3, layout_regular_city,
          hellmonk_ghost_happy_afterlife, grunt_forest_small_clearing_treed,
          serial_bayou_shore_b, uniq_nergalle
Lair:4:   layout_gridlike, minmay_slime_entry_jelly_boxes, st_stairs_6
Lair:5:   wormcave, layout_regular_city, guppyfry_lair_end_dragon,
          serial_bayou_shore_b, grunt_megastairs_1

Skill      XL: |  1  2  3  4  5  6  7  8  9 10 11 12 |
---------------+-------------------------------------+-----
Fighting       | 3 6 8 |  8.0
Ranged Weapons | 5 6 7 9 11 13 15 17 20 23 | 23.4
Invocations    | 5 8 |  8.0
Dodging        | |  2.1
Stealth        | |  0.7

Action                   |  1- 3 |  4- 6 |  7- 9 | 10-12 | 13-15 || total
-------------------------+-------+-------+-------+-------+-------++-------
 Fire: Shortbow          |   123 |   243 |   408 |   262 |       ||  1036
       Arbalest          |       |       |       |   402 |    39 ||   441
Invok: Finesse           |       |       |       |     7 |       ||     7
       Heroism           |       |       |       |     6 |       ||     6
  Use: Scroll            |       |       |     5 |     7 |     3 ||    15
       Potion            |       |       |     4 |     8 |       ||    12
Armor: Leather armour    |    12 |       |       |       |       ||    12
       Scale mail        |     2 |    84 |   102 |   157 |     1 ||   346
Dodge: Dodged            |    38 |   109 |   140 |   197 |     4 ||   488
